 Dungeon Crawl Stone Soup version 0.19-a0-151-g039907c (webtiles) character file.

2786 wvc the Grappler (level 9, -1/65 HPs)
             Began as a Mummy Monk on May 19, 2016.
             Was a Believer of Cheibriados.
             Slain by a yak (3 damage)
             ... on level 6 of the Dungeon.
             The game lasted 00:11:43 (7560 turns).

wvc the Grappler (Mummy Monk)                       Turns: 7560, Time: 00:11:44

Health: -1/65      AC:  9    Str: 20    XL:     9   Next: 43%
Magic:  9/9        EV: 13    Int: 17    God:    Cheibriados [**....]
Gold:   268        SH:  0    Dex: 19    Spells: 1 memorised, 0 levels left

rFire  x . .     SeeInvis .       - Unarmed
rCold  + . .     Gourm    .     c - +0 ring mail
rNeg   + + +     Faith    .     (no shield)
rPois  ∞         Spirit   .     m - +0 helmet
rElec  .         Dismiss  .     (no cloak)
rCorr  .         Reflect  .     n - +0 pair of gloves
SustAt .         Harm     .     i - +0 pair of boots
MR     +....                    (no amulet)
Stlth  +.........               (no ring)
                                (no ring)

@: very slightly contaminated, very slow, somewhat resistant to hostile
enchantments, very unstealthy
A: no food or potions, fire vulnerability, cold resistance 1, negative energy
resistance 3, torment resistance, unbreathing
a: Bend Time, Renounce Religion


You were on level 6 of the Dungeon.
You worshipped Cheibriados.
Cheibriados was pleased with you.
You were not hungry.

You visited 2 branches of the dungeon, and saw 8 of its levels.

You collected 268 gold pieces.

Inventory:

Missiles
 g - 8 needles of sleeping
Armour
 c - a +0 ring mail (worn)
 i - a +0 pair of boots (worn)
 m - a +0 helmet (worn)
 n - a +0 pair of gloves (worn)
Jewellery
 p - an uncursed ring of teleportation
Wands
 a - a wand of lightning (0/15)
 o - a wand of disintegration (9/24)
 s - a wand of slowing (18/48)
Scrolls
 b - a scroll of remove curse
 e - 3 scrolls of enchant armour
 f - 4 scrolls of teleportation
 h - a scroll of immolation
 j - 2 scrolls of amnesia
 q - a scroll of enchant weapon
 r - a scroll of identify
Books
 k - an Akashic Record

   Spells                             Type                      Level
   a - Dispersal                      Translocation                6
   b - Malign Gateway                 Summoning/Translocation      7
   c - Disjunction                    Translocation                8
   d - Controlled Blink               Translocation                8
 l - a book of Power

   Spells                             Type                      Level
   a - Fulminant Prism                Conjuration/Hexes            4
   b - Iskenderun's Mystic Blast      Conjuration                  4
   c - Venom Bolt                     Conjuration/Poison           5
   d - Bolt of Magma                  Conjuration/Fire/Earth       5
   e - Iron Shot                      Conjuration/Earth            6
   f - Orb of Destruction             Conjuration                  7
   g - Spellforged Servitor           Conjuration/Summoning        7


   Skills:
 + Level 4.2 Fighting
 + Level 3.5 Armour
 + Level 3.8 Dodging
 - Level 1.5 Stealth
 - Level 10.0 Unarmed Combat


You couldn't memorise any spells.
You knew the following spells:

 Your Spells              Type           Power        Failure   Level  Hunger
a - Controlled Blink      Tloc           N/A          100%        8    N/A

Dungeon Overview and Level Annotations

Branches:
Dungeon (7/15)             Temple (1/1) D:7

Altars:
Ashenzari
Cheibriados
Dithmenos
Fedhas
Gozag
Okawaru
Pakellas
Ru
Sif Muna
Trog
Xom
Yredelemnul
Zin


Innate Abilities, Weirdness & Mutations

You do not eat or drink.
Your flesh is vulnerable to fire.
You are immune to poison.
Your flesh is cold resistant.
You are immune to negative energy.
You are immune to unholy pain and torment.
You can survive without breathing.


Message History

You punch the yak!
The yak is heavily wounded.
The yak gores you.
* * * LOW HITPOINT WARNING * * *
You punch the yak!
The yak is severely wounded.
The yak misses you.
You closely miss the yak.
The yak is severely wounded.
The yak gores you.
* * * LOW HITPOINT WARNING * * *
You hit the yak but do no damage.
The yak is severely wounded.
You hit the yak. Your punch misses the yak.
The yak is almost dead.
The yak gores you but does no damage.
You hit the yak.
The yak is almost dead.
The yak gores you.
You die...

#.# #.#....÷.... #.#
#.#..>...... #.#
#.#......... #.#
###.#......... #.#
##............. #.#
#......####'### #.#
#......# #.# #.#
#####....#.####.# #.#
#.@Y'....'....#.### #.#
#.###....##.#.#.... #.#
#.# #....##.#.#.... #.#
#.# #######.#.#.... #.#
#)# #.#.#.### #.#
##.#### #.#.#.# #.#
#...).# #.#.#####
#.###.....######.#......
#..............#.#......


You could see a yak.

Vanquished Creatures
  Pikel (D:5)
  4 yaks (D:7)
  Menkaure (D:6)
  A sky beast (D:7)
  A slave (D:5)
  A black bear (D:7)
  An ogre (D:5)
  2 giant frogs (D:6)
  Dowan (D:5)
  2 scorpions (D:4)
  3 killer bees (D:7)
  A howler monkey (D:5)
  2 crimson imps
  A giant frog zombie (D:5)
  A centaur zombie (D:7)
  A hound (D:6)
  4 orc wizards
  2 orc priests
  2 jellies (D:7)
  A centaur skeleton (D:6)
  3 iguanas
  5 worker ants
  A howler monkey skeleton (D:4)
  11 adders
  2 shadow imps
  An ooze (D:5)
  An adder skeleton (D:5)
  3 worms
  5 giant geckos
  13 orcs
  5 giant cockroaches
  8 goblins
  10 hobgoblins
  12 jackals
  9 kobolds
  2 quokkas
  A ball python (D:3)
  7 bats
  2 giant newts
  A quokka skeleton (D:3)
  6 rats (D:1)
141 creatures vanquished.

Vanquished Creatures (others)
  Duvessa (D:5)
1 creature vanquished.

Grand Total: 142 creatures vanquished

Notes
Turn   | Place    | Note
--------------------------------------------------------------
     0 | D:1      | wvc the Mummy Monk began the quest for the Orb.
     0 | D:1      | Reached XP level 1. HP: 18/18 MP: 1/1
   119 | D:1      | Reached XP level 2. HP: 22/24 MP: 2/2
   347 | D:1      | Reached skill level 4 in Unarmed Combat
   584 | D:1      | Reached XP level 3. HP: 29/29 MP: 3/3
   865 | D:2      | Found a glowing silver altar of Zin.
  1293 | D:2      | Reached XP level 4. HP: 31/35 MP: 4/4
  2035 | D:2      | Reached skill level 5 in Unarmed Combat
  2799 | D:3      | Reached XP level 5. HP: 11/41 MP: 5/5
  3795 | D:4      | Reached skill level 6 in Unarmed Combat
  3795 | D:4      | Reached XP level 6. HP: 26/47 MP: 6/6
  4166 | D:4      | Found a blossoming altar of Fedhas.
  4171 | D:4      | Found a basalt altar of Yredelemnul.
  4173 | D:4      | Found a shattered altar of Ashenzari.
  4409 | D:5      | Entered Level 5 of the Dungeon
  4701 | D:5      | Noticed Duvessa
  4701 | D:5      | Noticed Dowan
  4714 | D:5      | Killed Duvessa
  4714 | D:5      | Reached skill level 7 in Unarmed Combat
  4714 | D:5      | Reached XP level 7. HP: 45/52 MP: 7/7
  4717 | D:5      | Killed Dowan
  5139 | D:5      | Reached skill level 8 in Unarmed Combat
  5273 | D:5      | Noticed Pikel
  5302 | D:5      | Killed Pikel
  5302 | D:5      | Reached skill level 9 in Unarmed Combat
  5302 | D:5      | Reached XP level 8. HP: 17/58 MP: 8/8
  5682 | D:6      | Noticed Menkaure
  5689 | D:6      | Killed Menkaure
  6427 | D:6      | Found a sacrificial altar of Ru.
  6427 | D:6      | Found an iron altar of Okawaru.
  6677 | D:7      | Found a staircase to the Ecumenical Temple.
  6683 | D:7      | Reached skill level 10 in Unarmed Combat
  6692 | Temple   | Entered the Ecumenical Temple
  6705 | Temple   | Became a worshipper of Cheibriados the Contemplative
  6705 | Temple   | Reached * piety under Cheibriados
  6705 | Temple   | Reached ** piety under Cheibriados
  6793 | D:7      | Found a shadowy altar of Dithmenos.
  6940 | D:7      | Reached skill level 1 in Armour
  7260 | D:7      | Reached XP level 9. HP: 52/64 MP: 9/9
  7278 | D:7      | Learned a level 8 spell: Controlled Blink
  7543 | D:7      | HP: 2/65 [yak (4)]
  7555 | D:6      | HP: 2/65 [yak (3)]
  7560 | D:6      | Slain by a yak

Vault maps used:
D:1:      mrwooster_arrival_statue_3
D:2:      lemuel_doored_altar
D:4:      grunt_temple_overflow_open, hangedman_decor_opposing
D:5:      first_bread, uniq_duvessa, uniq_pikel
D:6:      nicolae_overflow_hidden_temple, hangedman_decor_points,
          minmay_misc_feat_tiny, uniq_menkaure
D:7:      nicolae_dithmenos_the_darkroom, minmay_temple_entry_grid
Temple:   water_room_temple_b_12

Skill      XL: |  1  2  3  4  5  6  7  8  9 |
---------------+----------------------------+-----
Unarmed Combat | 4 5 6 7 9 10 | 10.0
Armour         | 1 3 |  3.5
Dodging        | 3 |  3.8
Fighting       | 4 |  4.2
Stealth        | |  1.5

Action                   |  1- 3 |  4- 6 |  7- 9 || total
-------------------------+-------+-------+-------++-------
Melee: Unarmed           |   156 |   253 |   273 ||   682
       Punch             |     5 |     4 |    13 ||    22
Evoke: Wand              |       |     7 |    12 ||    19
  Use: Scroll            |       |    11 |     4 ||    15
 Stab: Sleeping          |     1 |       |     2 ||     3
Armor: Ring mail         |    56 |    77 |    71 ||   204
Dodge: Dodged            |    86 |   139 |   146 ||   371
